 Dungeon Crawl Stone Soup version 0.24-a0-217-g1152973720 (webtiles) character file.

Game seed: 18111505124725259965

89731 Orphidia the Jinx (level 15, -1/113 HPs)
             Began as a Merfolk Enchanter on Mar 30, 2019.
             Was the Champion of Dithmenos.
             Killed from afar by an ogre mage (53 damage)
             ... with a crystal spear
             ... on level 2 of the Orcish Mines.
             The game lasted 01:42:51 (29547 turns).

Orphidia the Jinx (Merfolk Enchanter)              Turns: 29547, Time: 01:42:51

Health: -1/113     AC:  8    Str: 11    XL:     15   Next: 98%
Magic:  27/28      EV: 24    Int: 16    God:    Dithmenos [******]
Gold:   1748       SH:  8    Dex: 21    Spells: 10/32 levels left

rFire    . . .     SeeInvis .   b - +8 rapier of Ikki {pain, rN+}
rCold    . . .     Gourm    .   Z - +2 buckler
rNeg     + . .     Faith    .   F - +0 robe
rPois    .         Spirit   .   P - +1 helmet of the Forsaken Demons {*Contam Slay+6}
rElec    .         Reflect  .   n - +0 cloak
rCorr    .         Harm     .   t - +0 pair of gloves
MR       +....                  z - +1 pair of boots
Stlth    ++++++++++             x - amulet of rage
HPRegen  0.28/turn              g - +4 ring of dexterity
MPRegen  0.21/turn              H - ring of stealth

@: very slightly contaminated, wreathed by umbra, invisible
A: change form in water, swift swim, stealthy swim
a: Shadow Step, Shadow Form, Renounce Religion, Evoke Berserk Rage


You were on level 2 of the Orcish Mines.
You worshipped Dithmenos.
Dithmenos was exalted by your worship.
You were not hungry.

You visited 4 branches of the dungeon, and saw 24 of its levels.
You also visited: Gauntlet.

You collected 2392 gold pieces.
You spent 644 gold pieces at shops.


   Skills:
 - Level 9.1 Fighting
 - Level 10.0 Short Blades
 + Level 13.0 Dodging
 - Level 12.1 Stealth
 - Level 4.0 Shields
 - Level 9.0 Spellcasting
 - Level 14.0 Hexes
 - Level 4.0 Earth Magic
 - Level 9.0 Invocations
 - Level 9.0 Evocations


You had 10 spell levels left.
You knew the following spells:

 Your Spells              Type           Power        Failure   Level  Hunger
a - Apportation           Tloc           #.....       10%         1    None
i - Invisibility          Hex            ######..     4%          6    ######.
A - Corona                Hex            ######.      1%          1    None
B - Ensorcelled Hibernat  Hex/Ice        ####..       1%          2    None
C - Confuse               Hex            ######..     1%          3    #......
D - Dazzling Spray        Conj/Hex       ####..       1%          3    #......
E - Lesser Beckoning      Tloc           #.........   30%         3    #......
F - Summon Butterflies    Summ           #.......     10%         1    None
G - Passwall              Tmut/Erth      ##......     7%          2    None

Your spell library contained the following spells:

 Spells                   Type           Power        Failure   Level  Hunger
 Sandblast                Erth           ###...       1%          1    None
 Inner Flame              Hex/Fire       ####....     1%          3    #......
 Summon Guardian Golem    Hex/Summ       ####....     1%          3    #......
 Tukima's Dance           Hex            ######..     1%          3    #......
 Fulminant Prism          Conj/Hex       ####......   5%          4    ###....
 Flame Tongue             Conj/Fire      #....        10%         1    None
 Magic Dart               Conj           #...         10%         1    None
 Summon Small Mammal      Summ           #...         10%         1    None
 Stone Arrow              Conj/Erth      ##....       13%         3    #......
 Call Imp                 Summ           #.......     16%         2    None
 Searing Ray              Conj           #.....       16%         2    None
 Throw Flame              Conj/Fire      #.....       16%         2    None
 Call Canine Familiar     Summ           #.......     30%         3    #......
 Conjure Flame            Conj/Fire      #.......     30%         3    #......
 Petrify                  Tmut/Erth      ##......     41%         4    ###....
 Lee's Rapid Deconstruct  Erth           ###.......   47%         5    #####..
 Force Lance              Conj/Tloc      #.......     69%         4    ###....
 Iskenderun's Mystic Bla  Conj           #.......     69%         4    ###....
 Sticky Flame             Conj/Fire      #.......     69%         4    ###....
 Summon Ice Beast         Ice/Summ       #.......     69%         4    ###....
 Summon Lightning Spire   Summ/Air       #.......     69%         4    ###....
 Alistair's Intoxication  Tmut/Pois      #.......     95%         5    #####..
 Fireball                 Conj/Fire      #.........   95%         5    #####..

Action                   |  1- 3 |  4- 6 |  7- 9 | 10-12 | 13-15 || total
-------------------------+-------+-------+-------+-------+-------++-------
Melee: Dagger            |    68 |   126 |   213 |   389 |    83 ||   879
       Unarmed           |       |     3 |       |       |       ||     3
       Short sword       |       |    11 |    39 |       |       ||    50
       Whip              |       |       |    26 |       |       ||    26
       Tailslap          |       |       |       |     6 |       ||     6
       Rapier            |       |       |       |       |   604 ||   604
 Cast: Ensorcelled Hiber |    23 |    57 |    82 |   163 |   161 ||   486
       Confuse           |       |     7 |    32 |    40 |    58 ||   137
       Corona            |       |     2 |     2 |     4 |     4 ||    12
       Invisibility      |       |       |       |     4 |    18 ||    22
       Dazzling Spray    |       |       |       |       |     8 ||     8
       Passwall          |       |       |       |       |     4 ||     4
Invok: Shadow Step       |       |       |       |       |     1 ||     1
 Abil: Evoke Berserk Rag |       |       |       |       |     1 ||     1
Evoke: Wand              |       |       |       |     2 |     2 ||     4
       Lamp of fire      |       |       |       |       |     1 ||     1
       Phantom mirror    |       |       |       |       |     1 ||     1
  Use: Scroll            |       |     7 |    13 |     7 |    13 ||    40
       Potion            |       |     1 |     1 |     3 |     1 ||     6
 Stab: Sleeping          |    21 |    38 |    61 |   118 |   176 ||   414
       Confused          |       |     3 |    14 |    34 |    26 ||    77
       Invisible         |       |       |     2 |    17 |    83 ||   102
       Distracted        |       |       |     1 |       |       ||     1
  Eat: Chunk             |     4 |    16 |    23 |    16 |    33 ||    92
       Ration            |       |       |     2 |     3 |     4 ||     9
Armor: Robe              |    11 |    34 |    57 |    86 |    42 ||   230
Dodge: Dodged            |    45 |    85 |   136 |   281 |   572 ||  1119
Block: Buckler           |       |       |       |       |   148 ||   148

Inventory:

Hand Weapons
 a - a +1 dagger of protection
 b - the +8 rapier of Ikki (weapon) {pain, rN+}
   (You found it on level 4 of the Lair of Beasts)

   In the hands of one skilled in necromantic magic, it inflicts extra damage on
   living creatures.
   It protects you from negative energy.
Missiles
 s - 5 tomahawks of dispersal (quivered)
Armour
 j - a scarf of resistance
 m - +0 ice dragon scales
 n - a +0 cloak (worn)
 t - a +0 pair of gloves (worn)
 z - a +1 pair of boots (worn)
 F - a +0 robe (worn)
 P - the +1 helmet of the Forsaken Demons (worn) {*Contam Slay+6}
   (You found it on level 9 of the Dungeon)

   It affects your accuracy and damage with ranged weapons and melee attacks
   (+6).
   It causes magical contamination when unequipped.
 Z - a +2 buckler (worn)
Jewellery
 g - a +4 ring of dexterity (left hand)
 o - an uncursed ring of protection from cold
 q - an uncursed ring of poison resistance
 x - an amulet of rage (around neck)
 A - an uncursed ring of protection from fire
 H - a ring of stealth (right hand)
 T - an uncursed amulet of regeneration
 W - an uncursed ring of protection from magic
Wands
 l - a wand of polymorph (24)
 y - a wand of iceblast (6)
 D - a wand of clouds (3)
 J - a wand of flame (10)
 K - a wand of paralysis (22)
 L - a wand of acid (19)
 N - a wand of scattershot (10)
Scrolls
 c - 12 scrolls of remove curse
 e - 12 scrolls of identify
 h - 6 scrolls of teleportation
 i - 8 scrolls of magic mapping
 p - 4 scrolls of enchant armour
 w - 3 scrolls of enchant weapon
 Q - 3 scrolls of fog
 U - 2 scrolls of blinking
Potions
 f - 4 potions of haste
 k - 2 potions of might
 r - 2 potions of cancellation
 u - 4 potions of magic
 v - 7 potions of curing
 B - 3 potions of agility
 E - 2 potions of lignification
 G - 5 potions of ambrosia
 I - 4 potions of flight
 M - 2 potions of resistance
 O - 4 potions of mutation
 R - a potion of invisibility
 S - a potion of heal wounds
 V - a potion of brilliance
Miscellaneous
 Y - a lamp of fire
Comestibles
 d - 47 rations
 C - 5 chunks of flesh {@w1}

### #...###.)###...... ##.##
##.......).......... #...#
#.......O.....##.... ##.##
##..........####.... ###...#####
#.......#.....#..... .#........##
#....oOOo........... ..#.......)#
#...).O............
.##......)<######..oOo...........
.#.#......)..##.@..O..#....#...).
#.....................#.O......).
.#.#......[..#....O.....[.....[).
..##..........#........[.[.#).[..
...##...............#.##.).......
...##................##....).....
...#................##.....).....
..#.................#....<#......
.................................


You could see an orc warlord (wandering), a two-headed ogre, 2 ogre magi, 4
ogres, an orc priest and 2 orcs.

Vanquished Creatures
  Rupert (D:12)
  5 hydras
  Harold (D:7)
  3 vault guards (D:14)
  3 ogre magi
  4 centaur warriors
  A death knight (D:11)
  A tengu warrior (D:11)
  Urug (Lair:1)
  12 two-headed ogres
  An unseen horror (D:15)
  4 skeletal warriors (D:15)
  A deep elf archer (D:14)
  4 orc knights
  5 ugly things
  A wolf spider (D:15)
  4 deep elf magi
  A cyclops (shapeshifter) (D:13)
  8 cyclopes
  2 orc sorcerers
  6 manticores
  Maurice (D:8)
  5 black mambas
  9 elephants
  Joseph (D:7)
  2 gargoyles
  3 centaur skeletons
  6 spiny frogs
  8 komodo dragons
  A rime drake (Lair:6)
  A yaktaur (D:13)
  A tengu conjurer (D:14)
  A redback zombie (D:13)
  A queen bee (D:11)
  5 trolls
  4 polar bears (Lair:6)
  2 slime creatures (D:15)
  5 hornets
  A dream sheep (shapeshifter) (D:15)
  Prince Ribbit (D:7)
  11 blink frogs
  3 dream sheep (Lair:6)
  13 hippogriffs
  A meliai zombie (D:14)
  2 shadows
  15 spriggans
  5 wyverns
  A vampire (D:11)
  38 yaks
  9 basilisks
  A wraith (D:13)
  Grum (D:9)
  4 vampire mosquitoes (D:14)
  4 wargs
  11 water moccasins
  An acid dragon (D:13)
  Duvessa (D:7)
  12 porcupines
  14 orc warriors
  4 sky beasts
  6 ice beasts
  3 phantoms
  2 eyes of draining
  10 black bears
  12 ogres
  39 wolves
  3 boggarts (Lair:6)
  21 centaurs
  14 crocodiles
  2 big kobolds
  Blork the orc (D:6)
  22 bullfrogs
  Dowan (D:7)
  A wyvern skeleton (D:6)
  4 scorpions
  30 killer bees
  12 wights
  2 howler monkeys (D:10)
  4 electric eels
  7 crimson imps
  3 centaur zombies
  4 bullfrog zombies
  2 gnoll shamans
  13 hounds
  A jelly (D:14)
  Crazy Yiuf (D:2)
  17 orc priests
  2 hell rats (Lair:2)
  2 iguanas
  17 orc wizards
  Natasha (D:3)
  13 worker ants
  A killer bee zombie (D:9)
  A worker ant zombie (D:7)
  2 howler monkey skeletons (D:6)
  10 adders
  19 gnolls
  12 river rats (Lair:2)
  6 shadow imps
  4 oozes (D:1)
  3 adder skeletons
  2 adder zombies
  2 worms
  A dart slug (D:2)
  9 leopard geckos
  59 orcs
  A ball python (D:4)
  9 bats
  5 giant cockroaches
  3 goblins
  8 hobgoblins
  4 jackals (D:6)
  7 quokkas
  7 frilled lizards
  A goblin zombie (D:6)
  2 hobgoblin zombies (D:6)
  A jackal zombie (D:6)
  16 kobolds
  3 kobold skeletons (D:6)
  A kobold zombie (D:6)
  An orc skeleton (D:6)
  An orc zombie (D:6)
  A quokka skeleton (D:5)
  7 rats
759 creatures vanquished.

Vanquished Creatures (collateral kills)
  5 killer bees (D:11)
5 creatures vanquished.

Vanquished Creatures (others)
  Snorg (Orc:2)
  A centaur (D:11)
  An orc (Orc:1)
  8 fungi
  2 plants
13 creatures vanquished.

Grand Total: 777 creatures vanquished

Levels and vault maps discovered:
D:1:      erik_arrival_gehennom, layout_basic, hex_large, serial_bayou_pond_a,
          minmay_fountain_box, hangedman_decor_points
D:2:      layout_loops_ring, uniq_crazy_yiuf_cottage
D:3:      layout_loops_ring, nicolae_gozag_zags_fifth_avenue, uniq_natasha
D:4:      layout_cave_pools, gammafunk_temple_overflow_elements
D:5:      minmay_bubble_buster, layout_loops_corners,
          minmay_temple_entry_antechambers, serial_shops, kennysheep_mini,
          first_ration
D:6:      nicolae_whirlpool, layout_basic, overflow_temple_1_default,
          nicolae_tso_besieged_by_evil, overflow_temple_1_default,
          ebering_ghost_sewer_d, serial_shops, nicolae_shop_behind_doors, shop,
          nicolae_shop_crystal, shop, shop, uniq_blork_the_orc
D:7:      layout_cave_pools, lemuel_crystal_altar, serial_shops, shop,
          uniq_joseph, uniq_duvessa, uniq_prince_ribbit1, uniq_harold
D:8:      layout_loops_ring, vehumet_statue, grunt_dithmenos_shadows,
          ploomutoo_gammafunk_ghost_potion_laboratory, vehumet_altar_wand_db,
          uniq_maurice
D:9:      layout_gridville, lemuel_crystal_altar, uniq_grum
D:10:     layout_cave_pools, minmay_lair_entry_grove,
          minmay_orc_entry_guard_dogs
D:11:     layout_roguey [special_room_bee], the_bakery
D:12:     layout_irregular_city, basic_altar, uniq_rupert
D:13:     layout_rooms
D:14:     evilmike_library_of_no_secrets, layout_rooms,
          grunt_vaults_entry_fortified, solitary_fountain, serial_glass,
          glass_columns_a, glass_columns_a, nicolae_qazlal_general_emergency
D:15:     hangedman_depths_entry_try_elsewhere_first, layout_stronghold,
          chequers_serial_rivers_small_a, serial_shops, shop, chequers_jeans
Temple:   nicolae_temple_no_exploring_needed
Lair:1:   layout_gridlike, gauntlet_entry_generic, lemuel_fruit_fields,
          grunt_megastairs_3, infiniplex_staircase_pool, uniq_urug
Lair:2:   layout_hall_layers, chequers_serial_rivers_large_a, kennysheep_rathole
Lair:3:   layout_layer_cave, lemuel_fruit_tree
Lair:4:   layout_cave_pods, swamp_mist_pool, dummy_spider_entry,
          lemuel_centaur_altar, grunt_megastairs_5, infiniplex_staircase_pool_2
Lair:5:   layout_gridlike, slime_dummy, gammafunk_ghost_icy,
          serial_bayou_lagoon_a
Lair:6:   minmay_lair_end_enchanted_forest, layout_regular_city,
          maelrawn_ghost_gauntlet_escape, chequers_serial_rivers_micro_b
Orc:1:    layout_diamond_mine
Orc:2:    st_orc_ogre_mass, layout_caves, basic_altar, uniq_snorg,
          uniq_josephine, uniq_donald
Gauntlet: minmay_gauntlet_mixed_oops_all_seconds [minmay_gauntlet_arena_77_mess,
          gammafunk_gauntlet_arena_open, minmay_gauntlet_arena_77_cramped,
          nicolae_gauntlet_arena_blocks, minmay_gauntlet_arena_77_museum,
          nicolae_gauntlet_arena_quarters, gauntlet_exit_spiral]


Message History

The two-headed ogre shouts in stereo!
The ogre shouts!
You hit the orc warlord.
The orc warlord is lightly wounded.
Your shadow hits the orc warlord but does no damage.
You hear two shouts!
The orc warlord shouts!
The orc priest invokes the aid of Beogh against you.
Beogh smites you!
You hit the orc warlord but do no damage.
The orc warlord is lightly wounded.
The ogre mage casts a spell.
The ogre mage blinks!
The ogre hits you with a +0 giant club.
The orc warlord hits you with a +0 great sword!!
You hit the orc warlord but do no damage.
Your shadow hits the orc warlord but does no damage.
The orc closely misses you. The ogre closely misses you.
Some of the chunks of flesh in your inventory have rotted away.
The two-headed ogre closely misses you. The two-headed ogre misses you.
The ogre mage casts a spell at you. The crystal spear hits you!!!
You die...

Notes
Turn   | Place    | Note
-------+----------+-------------------------------------------
     0 | D:1      | Orphidia the Merfolk Enchanter began the quest for the Orb.
     0 | D:1      | Reached XP level 1. HP: 13/13 MP: 3/3
    51 | D:1      | Reached XP level 2. HP: 18/19 MP: 5/5
    55 | D:1      | Learned a level 2 spell: Ensorcelled Hibernation
   378 | D:1      | Reached XP level 3. HP: 24/24 MP: 1/6
  1416 | D:1      | Learned a level 3 spell: Confuse
  1558 | D:2      | Reached XP level 4. HP: 30/30 MP: 7/7
  1718 | D:2      | Found a runed translucent door.
  1719 | D:2      | Noticed Crazy Yiuf
  2156 | D:2      | Reached skill level 4 in Hexes
  2638 | D:2      | Killed Crazy Yiuf
  2638 | D:2      | Reached XP level 5. HP: 26/35 MP: 2/8
  2821 | D:3      | Found Gozag's Platinum Reserve.
  2821 | D:3      | Found an opulent altar of Gozag.
  2822 | D:3      | Noticed Natasha
  4062 | D:4      | Noticed an ogre
  4112 | D:4      | Killed an ogre
  4112 | D:4      | Reached skill level 5 in Stealth
  4112 | D:4      | Reached XP level 6. HP: 29/41 MP: 1/9
  4197 | D:4      | Found a sacrificial altar of Ru.
  4197 | D:4      | Found a sparkling altar of Nemelex Xobeh.
  4258 | D:4      | You fall through a shaft for 2 floors!
  4297 | D:6      | Found a runed translucent door.
  4312 | D:6      | Found Irphorph's Magic Scroll Shop.
  4319 | D:6      | Found an ornate altar of the Wu Jian Council.
  4413 | D:6      | Bought a scroll of magic mapping for 45 gold pieces
  4851 | D:6      | HP: 2/41 [bullfrog (4)]
  4853 | D:6      | Reached skill level 5 in Hexes
  4853 | D:6      | Reached XP level 7. HP: 15/46 MP: 2/10
  5075 | D:6      | Reached skill level 5 in Short Blades
  5189 | D:6      | Found Hikas's Gadget Boutique.
  5207 | D:6      | Found Ynnueset's Armour Emporium.
  5215 | D:6      | Bought a +0 pair of boots for 49 gold pieces
  5244 | D:5      | Entered Level 5 of the Dungeon
  6094 | D:3      | Killed Natasha
  6756 | D:5      | Reached XP level 8. HP: 52/52 MP: 11/11
  7050 | D:5      | Reached skill level 6 in Hexes
  8057 | D:5      | Found a staircase to the Ecumenical Temple.
  8108 | Temple   | Entered the Ecumenical Temple
  8252 | D:5      | Found Zokat's Armour Boutique.
  8527 | D:6      | Reached skill level 7 in Hexes
  8532 | D:6      | Reached XP level 9. HP: 57/57 MP: 4/12
  9112 | D:6      | Found a glowing golden altar of the Shining One.
  9181 | D:6      | Found Wauloty's Book Emporium.
  9186 | D:6      | Found a stormy altar of Qazlal.
  9196 | D:6      | Noticed Blork the orc
  9222 | D:6      | Killed Blork the orc
  9387 | D:6      | Learned a level 3 spell: Dazzling Spray
  9432 | D:6      | Found Zonlucko's Weapon Shop.
  9489 | D:6      | Noticed hemabe's ghost (novice HuAr)
  9500 | D:7      | Noticed Joseph
  9502 | D:7      | Killed Joseph
  9502 | D:7      | Reached skill level 8 in Hexes
  9708 | D:7      | Found Leaxtausoh's General Store.
  9773 | D:7      | Found a burning altar of Makhleb.
  9785 | D:7      | Reached skill level 10 in Stealth
  9798 | D:7      | Noticed Prince Ribbit
  9841 | D:7      | Killed Prince Ribbit
  9841 | D:7      | Reached skill level 9 in Hexes
  9974 | D:7      | Noticed Harold
 10165 | D:7      | Noticed Duvessa
 10640 | D:8      | Found a radiant altar of Vehumet.
 10711 | D:8      | Noticed Maurice
 10735 | D:8      | Killed Maurice
 10735 | D:8      | Reached XP level 10. HP: 55/63 MP: 7/16
 10978 | D:8      | Found a runed translucent gate.
 10979 | D:8      | Found a runed translucent gate.
 10979 | D:8      | Noticed a purple ugly thing
 10980 | D:8      | Found a runed translucent gate.
 11029 | D:8      | Found a shadowy altar of Dithmenos.
 11069 | D:8      | Became a worshipper of Dithmenos the Shadowed
 11323 | D:8      | Noticed a red ugly thing
 11324 | D:8      | Noticed a red ugly thing
 11325 | D:8      | Noticed a brown ugly thing
 11326 | D:8      | Noticed a glowing orange brain
 11408 | D:8      | Found a radiant altar of Vehumet.
 11452 | D:8      | Reached skill level 5 in Spellcasting
 11877 | D:9      | Noticed Grum
 12085 | D:9      | Got a slimy helmet
 12096 | D:9      | Identified the +1 helmet of the Forsaken Demons {*Contam
                  | Slay+6} (You found it on level 9 of the Dungeon)
 12210 | D:9      | Killed Grum
 12227 | D:9      | HP: 1/63 [wolf[Grum] (11)]
 12429 | D:9      | Found a hazy altar of Hepliaklqana.
 12581 | D:9      | Noticed a five-headed hydra
 12695 | D:10     | Entered Level 10 of the Dungeon
 12884 | D:9      | Reached * piety under Dithmenos
 13338 | D:10     | Reached skill level 10 in Short Blades
 13668 | D:10     | Reached skill level 10 in Hexes
 13678 | D:10     | Found a staircase to the Lair.
 13688 | D:10     | Reached XP level 11. HP: 68/68 MP: 4/20
 13786 | D:10     | Found a staircase to the Orcish Mines.
 13901 | D:10     | Noticed a two-headed ogre
 14227 | D:9      | Reached skill level 11 in Hexes
 14644 | D:11     | Reached ** piety under Dithmenos
 14782 | D:11     | Noticed a tengu warrior
 14802 | D:11     | Killed a tengu warrior
 14976 | D:11     | Reached skill level 12 in Hexes
 15090 | D:11     | Got a transparent long sword
 15148 | D:11     | Noticed a manticore
 15151 | D:11     | Killed a manticore
 15151 | D:11     | Reached skill level 5 in Dodging
 15162 | D:11     | Noticed a death knight
 15190 | D:11     | Killed a death knight
 15192 | D:11     | Reached *** piety under Dithmenos
 15306 | D:11     | Noticed a brown ugly thing
 15465 | D:10     | Killed a two-headed ogre
 15478 | Lair:1   | Entered Level 1 of the Lair of Beasts
 15479 | Lair:1   | Found a gate leading to a gauntlet.
 15482 | Lair:1   | Reached XP level 12. HP: 74/74 MP: 16/21
 15499 | Lair:1   | Noticed Urug
 15507 | Lair:1   | Killed Urug
 15507 | Lair:1   | Reached skill level 10 in Dodging
 15518 | Gauntlet | Entered a Gauntlet
 15518 | Gauntlet | Found a transporter.
 15526 | Gauntlet | Found a runed translucent door.
 15527 | Gauntlet | Found a transporter.
 15527 | Gauntlet | Noticed a thrashing horror
 15528 | Gauntlet | Found a runed translucent door.
 15528 | Gauntlet | Found a transporter.
 15528 | Gauntlet | Noticed a thrashing horror
 15529 | Gauntlet | Found a transporter.
 15532 | Gauntlet | Found a transporter.
 15536 | Gauntlet | Found a transporter.
 15555 | Gauntlet | Found a transporter.
 15557 | Gauntlet | Noticed a cacodemon
 15593 | Lair:1   | Noticed a six-headed hydra
 16149 | Lair:1   | Noticed a four-headed hydra
 16153 | Lair:1   | Killed a four-headed hydra
 16450 | Lair:2   | Reached skill level 1 in Fighting
 16787 | D:6      | Bought a book of Party Tricks for 550 gold pieces
 16794 | D:6      | Learned a level 6 spell: Invisibility
 16796 | D:6      | Learned a level 1 spell: Apportation
 16800 | D:6      | Learned a level 3 spell: Lesser Beckoning
 16802 | D:6      | Learned a level 1 spell: Summon Butterflies
 16850 | D:7      | Noticed Dowan
 16862 | D:7      | Killed Duvessa
 16868 | D:7      | Killed Dowan
 16930 | D:7      | Killed Harold
 17083 | Lair:2   | Reached **** piety under Dithmenos
 17502 | Lair:2   | Reached skill level 5 in Fighting
 17818 | Lair:2   | Reached XP level 13. HP: 93/93 MP: 17/22
 18493 | Lair:3   | Reached ***** piety under Dithmenos
 19520 | Lair:4   | Got a translucent rapier
 19521 | Lair:4   | Identified the +8 rapier of Ikki {pain, rN+} (You found it
                  | on level 4 of the Lair of Beasts)
 19650 | Lair:4   | Found a staircase to the Swamp.
 19651 | Lair:4   | Found a burning altar of Makhleb.
 19765 | Lair:4   | Reached skill level 13 in Hexes
 19881 | Lair:4   | Found a hole to the Spider Nest.
 20554 | Lair:5   | Found a staircase to the Slime Pits.
 20766 | Lair:5   | Found a runed translucent gate.
 20774 | Lair:5   | Found a runed translucent gate.
 20774 | Lair:5   | Found a runed translucent gate.
 20814 | Lair:5   | Noticed Roikka's ghost (journeyman SpEn)
 21529 | Lair:6   | Entered Level 6 of the Lair of Beasts
 22012 | Lair:6   | Noticed Shinnjin's ghost (journeyman MiBe)
 22016 | Lair:6   | Noticed a minotaur
 22037 | Lair:6   | Found a runed translucent gate.
 22037 | Lair:6   | Found a runed translucent gate.
 22037 | Lair:6   | Found a runed translucent gate.
 22488 | Lair:6   | Reached XP level 14. HP: 101/101 MP: 20/27
 22593 | Lair:6   | Reached skill level 1 in Shields
 22640 | Lair:6   | Reached skill level 14 in Hexes
 22816 | Lair:6   | Reached ****** piety under Dithmenos
 23985 | D:12     | Found a glowing golden altar of the Shining One.
 24188 | D:12     | Noticed Rupert
 24200 | D:12     | Killed Rupert
 24448 | D:13     | Reached skill level 1 in Evocations
 25142 | D:13     | Reached skill level 5 in Evocations
 26196 | D:14     | Reached XP level 15. HP: 98/113 MP: 11/28
 26242 | D:14     | Found a stormy altar of Qazlal.
 26594 | D:14     | Learned a level 2 spell: Passwall
 26600 | D:14     | Found a gate to the Vaults.
 26603 | D:14     | Reached skill level 1 in Invocations
 26946 | D:15     | Entered Level 15 of the Dungeon
 27086 | D:15     | Found Naanto's Weapon Emporium.
 27224 | D:15     | Reached skill level 5 in Invocations
 27391 | D:15     | Reached skill level 1 in Earth Magic
 27607 | D:15     | Found a staircase to the Depths.
 28352 | Orc:1    | Entered Level 1 of the Orcish Mines
 28608 | Orc:2    | Entered Level 2 of the Orcish Mines
 29050 | Orc:2    | Noticed Snorg
 29077 | Orc:2    | Killed Snorg
 29528 | Orc:2    | Noticed an orc warlord
 29547 | Orc:2    | Killed from afar by an ogre mage
